 Dungeon Crawl Stone Soup version 0.31-a0-667-g39726597b9 (webtiles) character file.

Game seed: 15076100330984736424

79 DarkabusHale the Ruffian (level 3, 0/29 HPs)
             Began as a Demigod Shapeshifter on Sept 4, 2023.
             Slain by an orc priest
             ... wielding a +2 whip of freezing
              (5 damage)
             ... on level 3 of the Dungeon.
             The game lasted 00:03:33 (1978 turns).

DarkabusHale the Ruffian (Demigod Shapeshifter)     Turns: 1978, Time: 00:03:34

Health: 0/29       AC:  2    Str: 19    XL:     3   Next: 95%
Magic:  5/5        EV: 12    Int: 12    God:
Gold:   175        SH:  0    Dex: 13    Spells: 2/2 levels left

rFire   . .          .
                       - Unarmed
rCold   . . .        (no shield)
rNeg    . . .        a - +0 animal skin
rPois   .            (helmet currently unavailable)
rElec   .            (cloak currently unavailable)
rCorr   .            (gloves currently unavailable)
SInv    +            (boots currently unavailable)
Will    .....        j - amulet of regeneration
Stlth   +            h - ring of see invisible
HPRegen 1.04/turn    (no ring)
MPRegen 0.09/turn

%: no passive effects
@: beast-form
A: beast (slay +1), high MP 1, forlorn, divine attributes
a: Begin Untransformation


You were on level 3 of the Dungeon.
You were a hulking beast.
You visited 1 branch of the dungeon, and saw 3 of its levels.

You collected 175 gold pieces.

Inventory:

Armour
 a - a +0 animal skin (worn)
Magical Staves
 q - a staff of conjuration
Jewellery
 h - a ring of see invisible (left hand)
 j - an amulet of regeneration (around neck)
Talismans
 c - a beast talisman (active)
 d - a flux talisman
Scrolls
 f - 2 scrolls of acquirement {unknown}
 g - a scroll of torment {unknown}
 l - a scroll of vulnerability {unknown}
 n - a scroll of enchant weapon {unknown}
Potions
 b - 2 potions of lignification
 e - a potion of brilliance {unknown}
 i - 2 potions of heal wounds {unknown}
 k - 2 potions of mutation {unknown}
 m - a potion of curing {unknown}
 o - a potion of might {unknown}
 p - a potion of attraction {unknown}


   Skills:
 + Level 1.9 Fighting
 + Level 2.5 Dodging
 + Level 3.2 Unarmed Combat
 + Level 3.1 Shapeshifting


You had 2 spell levels left.
You didn't know any spells.
Your spell library contained the following spells:

 Spells                   Type           Power      Damage    Failure   Level
 Sandblast                Erth           0%         2d4       32%         1
 Passwall                 Tmut/Erth      0%         N/A       45%         2
 Stone Arrow              Conj/Erth      0%         3d7       69%         3
 Haunt                    Necr/Summ      0%         N/A       100%        7
 Borgnjor's Revivificati  Necr           0%         N/A       100%        8
 Death's Door             Necr           0%         N/A       100%        9


Dungeon Overview and Level Annotations

Branches:
Dungeon (3/15)

Shops:
D:2 [


Innate Abilities, Weirdness & Mutations

You are a hulking beast.
Your limbs bulge with bestial killing power. (Slay +1)
You have an increased reservoir of magic. (+10% MP)
You shall have no god before yourself.
Your divine heritage dramatically boosts your attributes as you level up.


Message History

You kill the ball python!
The kobold barely misses you.
You hit the kobold.
You kill the kobold!
No target in view!
You see here a ball python corpse.
Found a scale mail.
A kobold comes into view. It is wielding a +0 short sword.
A kobold is nearby!
The kobold shouts!
You hear an angry hiss.
An orc comes into view. It is wielding a +0 flail.
An orc priest comes into view. It is wielding a +2 whip of freezing.
The orc priest shouts!
You hear a shout!
You see here a +0 scale mail.
The orc shouts!
You hear a shout! x2
The orc priest closely misses you.
A hobgoblin comes into view.
An orc priest comes into view. It is wielding a +0 war axe.
You hit the orc priest but do no damage.
The orc priest hits you with a +2 whip of freezing.
The orc priest freezes you. The kobold barely misses you.
The orc barely misses you.
The orc priest attacks as it pursues you!
The orc priest hits you with a +2 whip of freezing!
The orc priest freezes you.
You see here a +0 scale mail.
The kobold attacks as it pursues you! The kobold barely misses you.
The orc priest attacks as it pursues you!
The orc priest hits you with a +2 whip of freezing.
* * * LOW HITPOINT WARNING * * *
The orc priest freezes you.
* * * LOW HITPOINT WARNING * * *
You barely miss the orc priest. The orc priest closely misses you.
You hit the orc priest.
The orc priest is lightly wounded.
The orc priest completely misses you.
You hit the orc priest.
The orc priest is moderately wounded.
The orc priest hits you with a +2 whip of freezing.
You die...

#......)†####
#.###.##....# . #+
#.......# # .##.##
####....# #.
....##.######.#.##
#.≈ ##..##........#.#
#.≈.#...###########.#
#.≈.....o##########.#
.......oKoh.........#
...##..#############
#..# #..# ...# ##.##
#g #. #.


You could see 2 orc priests, an orc and a kobold.

Vanquished Creatures
  3 adders
  A dart slug (D:1)
  8 ball pythons
  3 endoplasms
  2 giant cockroaches
  A goblin (D:1)
  5 hobgoblins
  5 quokkas
  5 bats
  5 frilled lizards
  4 kobolds
  7 rats
49 creatures vanquished.

Notes
Turn   | Place    | Note
-------+----------+-------------------------------------------
     0 | D:1      | DarkabusHale the Demigod Shapeshifter began the quest for
                  | the Orb.
     0 | D:1      | Reached XP level 1. HP: 15/15 MP: 3/3
    57 | D:1      | Reached skill level 1 in Fighting
   247 | D:1      | Reached XP level 2. HP: 23/23 MP: 4/4
  1041 | D:2      | Reached XP level 3. HP: 28/28 MP: 5/5
  1173 | D:2      | Found Caepn's Antique Armour Boutique.
  1978 | D:3      | Slain by an orc priest

Illustrated notes

Levels and vault maps discovered:
D:1:      denvon_arrival_planthouse, layout_basic, minmay_pentomino_v2
D:2:      layout_basic, serial_shops, nicolae_shop_stone
D:3:      layout_loops_corners, mainiacjoe_overflow_boulevard, trog_book,
          basic_ecumenical_altar, uniq_jessica

Skill      XL: |  1  2 |
---------------+-------+-----
Fighting       | 1 |  1.9
Dodging        | 2 |  2.5
Unarmed Combat | 3 |  3.2
Shapeshifting  | 3 |  3.1

Action                     || total
---------------------------++-------
  Melee: Unarmed           ||   144
         Punch             ||     3
   Stab: Sleeping          ||     4
 Armour: Animal skin       ||    75
  Dodge: Dodged            ||   100

Table legend: (Time is in decaauts)
 A = Elapsed time spent in this place.
 B = Non-inter-level travel time spent in this place.
 C = Inter-level travel time spent in this place.
 D = Time resting spent in this place.
 E = Time spent auto-exploring this place.
 F = Levels seen in this place.
 G = Mean time per level.
                   A        B        C        D        E       F      G
               +--------+--------+--------+--------+--------+-----+--------+
         Total |   1968 |   1878 |     90 |      0 |   1549 |   3 |  656.0 |
       Dungeon |   1968 |   1878 |     90 |      0 |   1549 |   3 |  656.0 |
               +--------+--------+--------+--------+--------+-----+--------+

Top non-repeatable levels by time:
     D:1: 962 daAuts
     D:2: 620 daAuts
     D:3: 386 daAuts
